Login

Flyers vs Fletushkas

Created - May 5, 2024 at 12:14

Goals
1 2 3 T
Flyers 0 0 0 0
Fletushkas 0 1 0 1
Shots
1 2 3 T
Flyers 11 8 18 37
Fletushkas 15 10 15 40

GoalsPenalties
1st period
No Goal
Shitty-Kitty Gangbang (KIE) for Slashing (Minor) at 2:01
Artem Zub (KIE) for Holding (Minor) at 7:40
2nd period
1. Fletushkas , Noel Acciari 9 (Valeri Nichushkin 43) at 2:52
Alexander Kerfoot (KIE) for Hooking (Minor) at 0:43
Noel Acciari (FLE) for Elbowing (Minor) at 3:55
Ryan Pulock (KIE) for Roughing (Minor) at 8:35
3rd period
No Goal
Tyler Bertuzzi (FLE) for Roughing (Minor) at 12:18
Scott Laughton (KIE) for Hooking (Minor) at 18:35
Goalie Stats
Frederik Andersen (KIE), 39 saves from 40 shots - (0.975), L, 7-8-1, 60:00 minutes
Sergei Bobrovsky (FLE), 37 saves from 37 shots - (1.000), W, 25-26-7, 60:00 minutes
3 StarsOfficial
1 - Sergei Bobrovsky (FLE)
2 - Frederik Andersen (KIE)
3 - Noel Acciari (FLE)
Referees : Unknown
Linesman : Unknown
Game Note
No Game Note
Finance
Level 1 -- Attendance: 4596 (76.60%) -- Ticket Income $459,600
Level 2 -- Attendance: 4001 (80.02%) -- Ticket Income $240,060
Level 3 -- Attendance: 1426 (71.30%) -- Ticket Income $49,910
Level 4 -- Attendance: 3337 (83.43%) -- Ticket Income $83,425
Luxury Box -- Attendance: 956 (95.60%) -- Ticket Income $191,200
Game was played at the Arena Kombetare.
Total Attendance: 14316 (79.53%)
Total Ticket Income: $1,024,195
Other Income: $409,678
Total Income: $1,433,873



Team Name Goals Shots Shots Attemp Shots Blocked PIM HIT PP PK FO%
Flyers 03772910300 / 2 (0%)045%
Fletushkas 1407774260 / 5 (0%)055%

Flyers
Player Name POS G A P +/- PIM HIT SHT SB MP PP MP PP SHT PK MP PK SHT FO% FOT
Alex KillornC/LW0000002015:550:0004:06030% 23
Alexander BarabanovLW/RW000000006:360:0000:0000% 0
Alexander KerfootC/LW0000206010:260:0003:5100% 1
Andrei SvechnikovLW/RW0000023016:232:0300:0000% 1
Artem ZubD000-1260013:390:0000:0600% 0
Claude GirouxC/LW000-1013016:002:0310:00050% 18
Dmitry OrlovD0000011321:152:0005:1500% 0
Ivan BarbashevC/LW/RW0000031016:090:0001:4900% 2
Jack EichelC0000004016:381:5510:23046% 24
Joe PavelskiRW000-1023015:521:5500:00050% 2
Justin FaulkD0000011225:071:5814:0700% 0
Mathew BarzalC/LW000-1014016:091:5500:17050% 4
Nic DowdC0000000111:100:0004:34065% 17
Nikita ZadorovD000-1060015:000:0001:2600% 0
Ryan PulockD0000214219:282:0033:2900% 0
Scott LaughtonC/LW0000212015:280:0003:40060% 5
Shitty-Kitty GangbangD0000252125:221:5814:1700% 0
Viktor ArvidssonRW0000001013:582:0300:0000% 0
Fletushkas
Player Name POS G A P +/- PIM HIT SHT SB MP PP MP PP SHT PK MP PK SHT FO% FOT
Adam PelechD0000020114:380:0000:0000% 0
Auston MatthewsC0000022021:325:0202:43062% 39
Braden SchneiderD000101005:180:0000:0000% 0
Brent BurnsD0000021219:024:4810:4000% 0
Brett PesceD0000003121:044:3221:5400% 0
Brock NelsonC0000005020:364:1801:15043% 21
Harry PolsmokrC/RW0000051119:534:5000:0000% 1
Joel FarabeeLW/RW000000004:400:0000:0000% 0
Jordan StaalC000001004:400:0000:00088% 8
K'Andre MillerD0000050021:024:3203:1800% 0
Mattias SamuelssonD0001022120:340:0002:0400% 0
Nino NiederreiterLW/RW0001005013:120:0000:0000% 0
Noel AcciariC/LW/RW1011212014:121:0100:00061% 18
Owen TippettLW/RW0000022020:364:1801:1500% 1
Patrick KaneRW0000002017:443:4500:12050% 2
Tyler BertuzziLW/RW0001212113:110:0000:0000% 2
Valeri NichushkinLW/RW0110028025:444:4602:31120% 5
Zachary WerenskiD0000005018:224:4840:0000% 0

Flyers

5 vs 5 Forward
Line #Left WingCenterRight WingPHYDFOFWanted %Time %Time Play
1Andrei SvechnikovJack EichelIvan Barbashev1223031%14:20
2Mathew BarzalClaude GirouxJoe Pavelski1222830%13:57
3Scott LaughtonAlex KillornViktor Arvidsson1222625%11:49
4Alexander KerfootNic DowdAlexander Barabanov1221614%6:36
5 vs 5 Defense
Line #DefenseDefensePHYDFOFWanted %Time %Time Play
1Shitty-Kitty GangbangJustin Faulk1223028%13:11
2Ryan PulockDmitry Orlov1222830%14:00
3Nikita ZadorovArtem Zub1222629%13:34
4Shitty-Kitty GangbangJustin Faulk1221613%5:57
Power Play Forward
Line #Left WingCenterRight WingPHYDFOFWanted %Time %Time Play
1Andrei SvechnikovClaude GirouxViktor Arvidsson1225552%2:03
2Mathew BarzalJack EichelJoe Pavelski1224548%1:55
Power Play Defense
Line #DefenseDefensePHYDFOFWanted %Time %Time Play
1Shitty-Kitty GangbangJustin Faulk1225550%1:58
2Ryan PulockDmitry Orlov1224550%2:00
Penalty Kill 4 Players Forward
Line #CenterWingPHYDFOFWanted %Time %Time Play
1Nic DowdAlexander Kerfoot1225556%5:14
2Scott LaughtonAlex Killorn1224544%4:06
Penalty Kill 4 Players Defense
Line #DefenseDefensePHYDFOFWanted %Time %Time Play
1Shitty-Kitty GangbangDmitry Orlov1225549%4:32
2Ryan PulockJustin Faulk1224551%4:48
Penalty Kill 3 Players
Line #WingPHYDFOFWanted %Time %Time PlayDefenseDefensePHYDFOFWanted %Time %Time Play
1Scott Laughton122550%0:00 Shitty-Kitty GangbangDmitry Orlov122550%0:00
2Nic Dowd122450%0:00 Ryan PulockArtem Zub122450%0:00
4 vs 4 Forward
Line #CenterWingPHYDFOFWanted %Time %Time Play
1Claude GirouxAndrei Svechnikov122550%0:00
2Jack EichelViktor Arvidsson122450%0:00
4 vs 4 Defense
Line #DefensePHYDFOFWanted %Time %Time Play
1Shitty-Kitty GangbangDmitry Orlov122550%0:00
2Ryan PulockJustin Faulk122450%0:00
Last Minutes Offensive
Left WingCenterRight WingDefenseDefense
Andrei SvechnikovJack EichelJoe PavelskiShitty-Kitty GangbangDmitry Orlov
Last Minutes Defensive
Left WingCenterRight WingDefenseDefense
Alexander BarabanovAlexander KerfootNic DowdArtem ZubNikita Zadorov
Time
Total ForwardTotal DefenseLast Minutes OffensiveLast Minutes Defensive
60:00 60:00 0:000:00
Extra Forwards
Normal PowerPlayPenalty Kill
Ivan Barbashev, Alex Killorn, Alexander BarabanovMathew Barzal, Alex KillornIvan Barbashev
Extra Defensemen
Normal PowerPlayPenalty Kill
Nikita Zadorov, Shitty-Kitty Gangbang, Ryan PulockNikita Zadorov, Dmitry OrlovRyan Pulock
Penalty Shots
Jack Eichel, Andrei Svechnikov, Claude Giroux, Mathew Barzal, Joe Pavelski
Goalie
Frederik Andersen, Antti Raanta
Custom OT Lines Forwards
Jack Eichel, Andrei Svechnikov, Claude Giroux, Mathew Barzal, Joe Pavelski, Viktor Arvidsson, Alex Killorn, Alexander Barabanov, Scott Laughton, Nic Dowd
Custom OT Lines Defensemen
Shitty-Kitty Gangbang, Artem Zub, Ryan Pulock, Justin Faulk, Nikita Zadorov
Scratches
Barclay Goodrow (Healthy), Ethan Bear (Healthy), Isac Lundestrom (Healthy)

Fletushkas

5 vs 5 Forward
Line #Left WingCenterRight WingPHYDFOFWanted %Time %Time Play
1Valeri NichushkinAuston MatthewsPatrick Kane1223130%13:47
2Owen TippettBrock NelsonHarry Polsmokr1223032%15:03
3Tyler BertuzziNoel AcciariNino Niederreiter1222628%13:12
4Joel FarabeeJordan StaalValeri Nichushkin1221310%4:40
5 vs 5 Defense
Line #DefenseDefensePHYDFOFWanted %Time %Time Play
1Mattias SamuelssonK'Andre Miller1223128%13:12
2Adam PelechBrett Pesce1222831%14:38
3Brent BurnsZachary Werenski1222629%13:34
4Braden SchneiderMattias Samuelsson1221511%5:18
Power Play Forward
Line #Left WingCenterRight WingPHYDFOFWanted %Time %Time Play
1Valeri NichushkinAuston MatthewsHarry Polsmokr1135554%5:02
2Owen TippettBrock NelsonPatrick Kane1134546%4:18
Power Play Defense
Line #DefenseDefensePHYDFOFWanted %Time %Time Play
1Brent BurnsZachary Werenski1135551%4:48
2K'Andre MillerBrett Pesce1134549%4:32
Penalty Kill 4 Players Forward
Line #CenterWingPHYDFOFWanted %Time %Time Play
1Auston MatthewsValeri Nichushkin1315568%2:43
2Brock NelsonOwen Tippett1314532%1:15
Penalty Kill 4 Players Defense
Line #DefenseDefensePHYDFOFWanted %Time %Time Play
1Mattias SamuelssonK'Andre Miller1315552%2:04
2K'Andre MillerBrett Pesce1314548%1:54
Penalty Kill 3 Players
Line #WingPHYDFOFWanted %Time %Time PlayDefenseDefensePHYDFOFWanted %Time %Time Play
1Auston Matthews131550%0:00 Mattias SamuelssonK'Andre Miller131550%0:00
2Brock Nelson131450%0:00 Mattias SamuelssonBrett Pesce131450%0:00
4 vs 4 Forward
Line #CenterWingPHYDFOFWanted %Time %Time Play
1Auston MatthewsValeri Nichushkin122550%0:00
2Brock NelsonOwen Tippett122450%0:00
4 vs 4 Defense
Line #DefensePHYDFOFWanted %Time %Time Play
1Mattias SamuelssonK'Andre Miller122550%0:00
2K'Andre MillerBrett Pesce122450%0:00
Last Minutes Offensive
Left WingCenterRight WingDefenseDefense
Valeri NichushkinAuston MatthewsHarry PolsmokrMattias SamuelssonK'Andre Miller
Last Minutes Defensive
Left WingCenterRight WingDefenseDefense
Valeri NichushkinAuston MatthewsHarry PolsmokrMattias SamuelssonK'Andre Miller
Time
Total ForwardTotal DefenseLast Minutes OffensiveLast Minutes Defensive
60:00 60:00 0:000:00
Extra Forwards
Normal PowerPlayPenalty Kill
Patrick Kane, Owen Tippett, Noel AcciariPatrick Kane, Owen TippettPatrick Kane
Extra Defensemen
Normal PowerPlayPenalty Kill
Brent Burns, Zachary Werenski, Braden SchneiderBrent Burns, Brent BurnsZachary Werenski
Penalty Shots
Auston Matthews, Valeri Nichushkin, Brett Pesce, K'Andre Miller, Patrick Kane
Goalie
Sergei Bobrovsky, John Gibson
Custom OT Lines Forwards
Auston Matthews, Valeri Nichushkin, Brock Nelson, Harry Polsmokr, Patrick Kane, Owen Tippett, Noel Acciari, Tyler Bertuzzi, Jordan Staal, Nino Niederreiter
Custom OT Lines Defensemen
Mattias Samuelsson, K'Andre Miller, Zachary Werenski, Brett Pesce, Brent Burns
Scratches
Kevin Shattenkirk (Healthy), Cam York (Healthy)


Play-by-Play

1st period


0:01 of 1st period - Auston Matthews wins face-off versus Jack Eichel in neutral zone.
0:32 of 1st period - Shot by Valeri Nichushkin.
0:32 of 1st period - Stopped by Frederik Andersen with a rebound.
0:40 of 1st period - Shot by Auston Matthews.
0:40 of 1st period - Shot Misses the Net.
0:42 of 1st period - Shot by Valeri Nichushkin.
0:42 of 1st period - Shot Blocked by Justin Faulk.
0:52 of 1st period - Shot by Brock Nelson.
0:52 of 1st period - Stopped by Frederik Andersen without a rebound.
0:53 of 1st period - Claude Giroux wins face-off versus Noel Acciari in Flyers zone.
1:16 of 1st period - Shot by Nino Niederreiter.
1:16 of 1st period - Stopped by Frederik Andersen without a rebound.
1:17 of 1st period - Alex Killorn wins face-off versus Brock Nelson in Flyers zone.
1:17 of 1st period - Scott Laughton is hit by Harry Polsmokr and loses puck.
1:23 of 1st period - Owen Tippett is hit by Nikita Zadorov and loses puck.
1:28 of 1st period - Shot by Harry Polsmokr.
1:28 of 1st period - Shot Misses the Net.
1:30 of 1st period - Shot by Brett Pesce.
1:30 of 1st period - Stopped by Frederik Andersen without a rebound.
1:31 of 1st period - Jordan Staal wins face-off versus Nic Dowd in Flyers zone.
1:39 of 1st period - Icing by Nic Dowd.
1:40 of 1st period - Nic Dowd wins face-off versus Owen Tippett in Flyers zone.
1:47 of 1st period - Shot by Alexander Kerfoot.
1:47 of 1st period - Shot Misses the Net.
1:49 of 1st period - Shot by Nic Dowd.
1:49 of 1st period - Deflect By Alexander Kerfoot.
1:49 of 1st period - Stopped by Sergei Bobrovsky with a rebound.
1:51 of 1st period - Shot by Alexander Kerfoot.
1:51 of 1st period - Stopped by Sergei Bobrovsky without a rebound.
1:52 of 1st period - Jordan Staal wins face-off versus Alex Killorn in Fletushkas zone.
1:52 of 1st period - Jordan Staal is hit by Scott Laughton.
2:01 of 1st period - Minor Penalty to Shitty-Kitty Gangbang for Slashing.
2:02 of 1st period - Nic Dowd wins face-off versus Auston Matthews in Flyers zone.
2:02 of 1st period - Nic Dowd is hit by Harry Polsmokr.
2:37 of 1st period - Shot by Valeri Nichushkin.
2:37 of 1st period - Shot Misses the Net.
2:39 of 1st period - Shot by Valeri Nichushkin.
2:39 of 1st period - Shot Misses the Net.
2:50 of 1st period - Icing by Harry Polsmokr.
2:51 of 1st period - Nic Dowd wins face-off versus Auston Matthews in Fletushkas zone.
3:06 of 1st period - Nikita Zadorov is hit by Auston Matthews.
3:27 of 1st period - Icing by K'Andre Miller.
3:28 of 1st period - Brock Nelson wins face-off versus Scott Laughton in Fletushkas zone.
3:41 of 1st period - Shot by Patrick Kane.
3:41 of 1st period - Shot Blocked by Ryan Pulock.
3:43 of 1st period - Shot by Brett Pesce.
3:43 of 1st period - Stopped by Frederik Andersen without a rebound.
3:44 of 1st period - Brock Nelson wins face-off versus Nic Dowd in Flyers zone.
4:09 of 1st period - Shot by Joe Pavelski.
4:09 of 1st period - Stopped by Sergei Bobrovsky without a rebound.
4:10 of 1st period - Noel Acciari wins face-off versus Alex Killorn in Fletushkas zone.
4:18 of 1st period - Off-side.
4:19 of 1st period - Jordan Staal wins face-off versus Claude Giroux in neutral zone.
4:36 of 1st period - Mathew Barzal is hit by Jordan Staal and loses puck.
5:14 of 1st period - Icing by Brent Burns.
5:15 of 1st period - Jordan Staal wins face-off versus Alex Killorn in Fletushkas zone.
5:48 of 1st period - Shot by Brock Nelson.
5:48 of 1st period - Stopped by Frederik Andersen without a rebound.
5:49 of 1st period - Noel Acciari wins face-off versus Andrei Svechnikov in Flyers zone.
5:58 of 1st period - Shot by Nino Niederreiter.
5:58 of 1st period - Shot Misses the Net.
6:00 of 1st period - Shot by Mattias Samuelsson.
6:00 of 1st period - Stopped by Frederik Andersen without a rebound.
6:01 of 1st period - Nic Dowd wins face-off versus Brock Nelson in Flyers zone.
6:29 of 1st period - Shot by Owen Tippett.
6:29 of 1st period - Stopped by Frederik Andersen with a rebound.
7:14 of 1st period - Jack Eichel is hit by K'Andre Miller and loses puck.
7:24 of 1st period - Patrick Kane is hit by Artem Zub and loses puck.
7:27 of 1st period - Shot by Valeri Nichushkin.
7:27 of 1st period - Shot Misses the Net.
7:40 of 1st period - Minor Penalty to Artem Zub for Holding.
7:41 of 1st period - Scott Laughton wins face-off versus Brock Nelson in Flyers zone.
9:09 of 1st period - Shot by Zachary Werenski.
9:09 of 1st period - Stopped by Frederik Andersen with a rebound.
9:11 of 1st period - Shot by Zachary Werenski.
9:11 of 1st period - Stopped by Frederik Andersen with a rebound.
9:13 of 1st period - Shot by Zachary Werenski.
9:13 of 1st period - Shot Misses the Net.
9:15 of 1st period - Shot by Zachary Werenski.
9:15 of 1st period - Shot Blocked by Dmitry Orlov.
9:17 of 1st period - Shot by Zachary Werenski.
9:17 of 1st period - Deflect By Owen Tippett.
9:17 of 1st period - Shot Misses the Net.
9:19 of 1st period - Shot by Zachary Werenski.
9:19 of 1st period - Shot Misses the Net.
9:57 of 1st period - Joel Farabee is hit by Nikita Zadorov and loses puck.
10:02 of 1st period - Shot by Jordan Staal.
10:02 of 1st period - Shot Hit the Post.
10:31 of 1st period - Tyler Bertuzzi is hit by Nikita Zadorov and loses puck.
10:52 of 1st period - Shot by Jack Eichel.
10:52 of 1st period - Shot Blocked by Brett Pesce.
10:54 of 1st period - Shot by Dmitry Orlov.
10:54 of 1st period - Stopped by Sergei Bobrovsky without a rebound.
10:55 of 1st period - Nic Dowd wins face-off versus Brock Nelson in Fletushkas zone.
10:55 of 1st period - Shitty-Kitty Gangbang is hit by Brent Burns and loses puck.
11:06 of 1st period - Shot by Alexander Barabanov.
11:06 of 1st period - Deflect By Nic Dowd.
11:06 of 1st period - Shot Misses the Net.
11:08 of 1st period - Shot by Justin Faulk.
11:08 of 1st period - Shot Misses the Net.
11:10 of 1st period - Shot by Shitty-Kitty Gangbang.
11:10 of 1st period - Shot Misses the Net.
11:26 of 1st period - Shot by Alexander Kerfoot.
11:26 of 1st period - Stopped by Sergei Bobrovsky with a rebound.
11:28 of 1st period - Shot by Alexander Kerfoot.
11:28 of 1st period - Stopped by Sergei Bobrovsky without a rebound.
11:29 of 1st period - Auston Matthews wins face-off versus Alex Killorn in Fletushkas zone.
11:45 of 1st period - Icing by Alex Killorn.
11:46 of 1st period - Noel Acciari wins face-off versus Alex Killorn in Flyers zone.
11:51 of 1st period - Shot by Tyler Bertuzzi.
11:51 of 1st period - Stopped by Frederik Andersen without a rebound.
11:52 of 1st period - Jack Eichel wins face-off versus Patrick Kane in Flyers zone.
11:52 of 1st period - Jack Eichel is hit by Auston Matthews.
12:11 of 1st period - Icing by Mattias Samuelsson.
12:12 of 1st period - Patrick Kane wins face-off versus Alex Killorn in Fletushkas zone.
12:14 of 1st period - Icing by Auston Matthews.
12:15 of 1st period - Auston Matthews wins face-off versus Alex Killorn in Fletushkas zone.
12:17 of 1st period - Icing by Valeri Nichushkin.
12:18 of 1st period - Auston Matthews wins face-off versus Alex Killorn in Fletushkas zone.
12:24 of 1st period - Valeri Nichushkin is hit by Shitty-Kitty Gangbang and loses puck.
12:34 of 1st period - Valeri Nichushkin is hit by Justin Faulk and loses puck.
12:43 of 1st period - Shitty-Kitty Gangbang is hit by Valeri Nichushkin and loses puck.
12:52 of 1st period - Shot by Valeri Nichushkin.
12:52 of 1st period - Shot Misses the Net.
12:59 of 1st period - Patrick Kane is hit by Shitty-Kitty Gangbang and loses puck.
13:26 of 1st period - Shot by Jack Eichel.
13:26 of 1st period - Shot Misses the Net.
13:28 of 1st period - Shot by Ryan Pulock.
13:28 of 1st period - Deflect By Jack Eichel.
13:28 of 1st period - Stopped by Sergei Bobrovsky without a rebound.
13:29 of 1st period - Mathew Barzal wins face-off versus Brock Nelson in Fletushkas zone.
13:32 of 1st period - Shot by Claude Giroux.
13:32 of 1st period - Shot Blocked by Brent Burns.
13:38 of 1st period - Shot by Joe Pavelski.
13:38 of 1st period - Stopped by Sergei Bobrovsky without a rebound.
13:39 of 1st period - Jack Eichel wins face-off versus Brock Nelson in Fletushkas zone.
13:44 of 1st period - Shot by Ivan Barbashev.
13:44 of 1st period - Shot Misses the Net.
14:02 of 1st period - Shot by Ivan Barbashev.
14:02 of 1st period - Shot Misses the Net.
14:47 of 1st period - Off-side.
14:48 of 1st period - Alex Killorn wins face-off versus Noel Acciari in neutral zone.
15:03 of 1st period - Shot by Scott Laughton.
15:03 of 1st period - Stopped by Sergei Bobrovsky without a rebound.
15:04 of 1st period - Claude Giroux wins face-off versus Auston Matthews in Fletushkas zone.
15:04 of 1st period - Claude Giroux is hit by K'Andre Miller.
15:08 of 1st period - Shot by Mathew Barzal.
15:08 of 1st period - Stopped by Sergei Bobrovsky with a rebound.
15:20 of 1st period - Shot by Valeri Nichushkin.
15:20 of 1st period - Stopped by Frederik Andersen without a rebound.
15:21 of 1st period - Noel Acciari wins face-off versus Jack Eichel in Flyers zone.
15:34 of 1st period - Shot by Noel Acciari.
15:34 of 1st period - Shot Blocked by Dmitry Orlov.
15:56 of 1st period - Shot by Tyler Bertuzzi.
15:56 of 1st period - Shot Misses the Net.
16:21 of 1st period - Shot by Patrick Kane.
16:21 of 1st period - Stopped by Frederik Andersen without a rebound.
16:22 of 1st period - Scott Laughton wins face-off versus Brock Nelson in Flyers zone.
16:22 of 1st period - Scott Laughton is hit by Harry Polsmokr.
16:44 of 1st period - Icing by Zachary Werenski.
16:45 of 1st period - Brock Nelson wins face-off versus Claude Giroux in Fletushkas zone.
16:45 of 1st period - Brent Burns is hit by Claude Giroux and loses puck.
16:57 of 1st period - Icing by Joe Pavelski.
16:58 of 1st period - Auston Matthews wins face-off versus Claude Giroux in Flyers zone.
17:13 of 1st period - Shot by Patrick Kane.
17:13 of 1st period - Stopped by Frederik Andersen without a rebound.
17:14 of 1st period - Alex Killorn wins face-off versus Noel Acciari in Flyers zone.
17:48 of 1st period - Shot by Viktor Arvidsson.
17:48 of 1st period - Shot Blocked by Tyler Bertuzzi.
18:30 of 1st period - Shot by Valeri Nichushkin.
18:30 of 1st period - Shot Misses the Net.
18:53 of 1st period - Dmitry Orlov is hit by K'Andre Miller and loses puck.
19:01 of 1st period - Off-side.
19:02 of 1st period - Brock Nelson wins face-off versus Jack Eichel in neutral zone.
19:29 of 1st period - Shot by Jack Eichel.
19:29 of 1st period - Stopped by Sergei Bobrovsky without a rebound.
19:30 of 1st period - Nic Dowd wins face-off versus Noel Acciari in Fletushkas zone.
19:34 of 1st period - Icing by Adam Pelech.
19:35 of 1st period - Nic Dowd wins face-off versus Noel Acciari in Fletushkas zone.
19:43 of 1st period - Icing by Adam Pelech.
19:44 of 1st period - Noel Acciari wins face-off versus Jack Eichel in Fletushkas zone.
19:44 of 1st period - Noel Acciari is hit by Ivan Barbashev.
19:58 of 1st period - Shot by Noel Acciari.
19:58 of 1st period - Stopped by Frederik Andersen with a rebound.
Goals for this period are 0 for Flyers vs 0 for Fletushkas.
Shots for this period are 11 for Flyers vs 15 for Fletushkas.

2nd period


0:01 of 2nd period - Nic Dowd wins face-off versus Harry Polsmokr in neutral zone.
0:11 of 2nd period - Alexander Barabanov is hit by Braden Schneider and loses puck.
0:43 of 2nd period - Minor Penalty to Alexander Kerfoot for Hooking.
0:44 of 2nd period - Auston Matthews wins face-off versus Alex Killorn in Flyers zone.
0:44 of 2nd period - Harry Polsmokr is hit by Shitty-Kitty Gangbang and loses puck.
1:24 of 2nd period - Icing by Valeri Nichushkin.
1:25 of 2nd period - Scott Laughton wins face-off versus Valeri Nichushkin in Fletushkas zone.
1:28 of 2nd period - Shot by Alex Killorn.
1:28 of 2nd period - Shot Misses the Net.
1:48 of 2nd period - Shot by Brett Pesce.
1:48 of 2nd period - Stopped by Frederik Andersen without a rebound.
1:49 of 2nd period - Nic Dowd wins face-off versus Brock Nelson in Flyers zone.
1:58 of 2nd period - Shitty-Kitty Gangbang is hit by Owen Tippett and loses puck.
2:13 of 2nd period - Ryan Pulock is hit by Owen Tippett.
2:52 of 2nd period - Shot by Noel Acciari.
2:52 of 2nd period - Goal by Noel Acciari - Flyers : 0 - Fletushkas : 1.
2:53 of 2nd period - Jordan Staal wins face-off versus Alex Killorn in neutral zone.
3:20 of 2nd period - Shot by Valeri Nichushkin.
3:20 of 2nd period - Stopped by Frederik Andersen with a rebound.
3:55 of 2nd period - Minor Penalty to Noel Acciari for Elbowing.
3:56 of 2nd period - Auston Matthews wins face-off versus Mathew Barzal in Fletushkas zone.
4:02 of 2nd period - Icing by Jack Eichel.
4:03 of 2nd period - Valeri Nichushkin wins face-off versus Jack Eichel in Flyers zone.
4:13 of 2nd period - Icing by Justin Faulk.
4:14 of 2nd period - Auston Matthews wins face-off versus Jack Eichel in Flyers zone.
4:14 of 2nd period - Mattias Samuelsson is hit by Shitty-Kitty Gangbang and loses puck.
5:08 of 2nd period - Ryan Pulock is hit by Valeri Nichushkin and loses puck.
5:13 of 2nd period - Shot by Auston Matthews.
5:13 of 2nd period - Shot Blocked by Dmitry Orlov.
5:15 of 2nd period - Shot by Valeri Nichushkin.
5:15 of 2nd period - Stopped by Frederik Andersen without a rebound.
5:16 of 2nd period - Claude Giroux wins face-off versus Auston Matthews in Flyers zone.
5:54 of 2nd period - Icing by Dmitry Orlov.
5:55 of 2nd period - Noel Acciari wins face-off versus Alexander Kerfoot in Flyers zone.
6:10 of 2nd period - Shot by Tyler Bertuzzi.
6:10 of 2nd period - Shot Misses the Net.
6:18 of 2nd period - Shot by Tyler Bertuzzi.
6:18 of 2nd period - Shot Misses the Net.
6:20 of 2nd period - Shot by Brent Burns.
6:20 of 2nd period - Shot Misses the Net.
6:22 of 2nd period - Shot by Zachary Werenski.
6:22 of 2nd period - Stopped by Frederik Andersen with a rebound.
6:24 of 2nd period - Shot by Noel Acciari.
6:24 of 2nd period - Shot Misses the Net.
7:20 of 2nd period - Shot by Brock Nelson.
7:20 of 2nd period - Shot Misses the Net.
7:23 of 2nd period - Icing by Justin Faulk.
7:24 of 2nd period - Claude Giroux wins face-off versus Valeri Nichushkin in Flyers zone.
7:35 of 2nd period - Shot by Claude Giroux.
7:35 of 2nd period - Stopped by Sergei Bobrovsky with a rebound.
7:59 of 2nd period - Shot by Valeri Nichushkin.
7:59 of 2nd period - Shot Blocked by Shitty-Kitty Gangbang.
8:01 of 2nd period - Shot by Valeri Nichushkin.
8:01 of 2nd period - Stopped by Frederik Andersen without a rebound.
8:02 of 2nd period - Jack Eichel wins face-off versus Tyler Bertuzzi in Flyers zone.
8:02 of 2nd period - Andrei Svechnikov is hit by Tyler Bertuzzi and loses puck.
8:32 of 2nd period - Nino Niederreiter is hit by Dmitry Orlov.
8:35 of 2nd period - Minor Penalty to Ryan Pulock for Roughing.
8:36 of 2nd period - Auston Matthews wins face-off versus Nic Dowd in Flyers zone.
9:44 of 2nd period - Shot by Zachary Werenski.
9:44 of 2nd period - Stopped by Frederik Andersen without a rebound.
9:45 of 2nd period - Brock Nelson wins face-off versus Nic Dowd in Flyers zone.
9:46 of 2nd period - Shot by Patrick Kane.
9:46 of 2nd period - Shot Blocked by Nic Dowd.
10:42 of 2nd period - Shot by Nino Niederreiter.
10:42 of 2nd period - Stopped by Frederik Andersen without a rebound.
10:43 of 2nd period - Jack Eichel wins face-off versus Noel Acciari in Flyers zone.
10:52 of 2nd period - Shot by Andrei Svechnikov.
10:52 of 2nd period - Deflect By Jack Eichel.
10:52 of 2nd period - Stopped by Sergei Bobrovsky without a rebound.
10:53 of 2nd period - Jordan Staal wins face-off versus Mathew Barzal in Fletushkas zone.
11:04 of 2nd period - Shot by Valeri Nichushkin.
11:04 of 2nd period - Stopped by Frederik Andersen without a rebound.
11:05 of 2nd period - Jack Eichel wins face-off versus Tyler Bertuzzi in Flyers zone.
11:05 of 2nd period - Jack Eichel is hit by Noel Acciari.
11:26 of 2nd period - Jack Eichel is hit by Mattias Samuelsson and loses puck.
11:37 of 2nd period - Shot by Andrei Svechnikov.
11:37 of 2nd period - Stopped by Sergei Bobrovsky without a rebound.
11:38 of 2nd period - Auston Matthews wins face-off versus Alex Killorn in Fletushkas zone.
11:43 of 2nd period - Shot by Alex Killorn.
11:43 of 2nd period - Stopped by Sergei Bobrovsky without a rebound.
11:44 of 2nd period - Auston Matthews wins face-off versus Alex Killorn in Fletushkas zone.
12:08 of 2nd period - Icing by Brett Pesce.
12:09 of 2nd period - Auston Matthews wins face-off versus Jack Eichel in Fletushkas zone.
12:36 of 2nd period - Shot by Auston Matthews.
12:36 of 2nd period - Shot Blocked by Justin Faulk.
13:09 of 2nd period - Claude Giroux is hit by Harry Polsmokr and loses puck.
13:25 of 2nd period - Owen Tippett is hit by Joe Pavelski and loses puck.
13:32 of 2nd period - Owen Tippett is hit by Joe Pavelski and loses puck.
13:39 of 2nd period - Shot by Claude Giroux.
13:39 of 2nd period - Shot Misses the Net.
13:41 of 2nd period - Shot by Ryan Pulock.
13:41 of 2nd period - Stopped by Sergei Bobrovsky without a rebound.
13:42 of 2nd period - Alex Killorn wins face-off versus Noel Acciari in Fletushkas zone.
14:30 of 2nd period - Off-side.
14:31 of 2nd period - Auston Matthews wins face-off versus Jack Eichel in neutral zone.
14:41 of 2nd period - Icing by Jack Eichel.
14:42 of 2nd period - Jack Eichel wins face-off versus Jordan Staal in Flyers zone.
14:46 of 2nd period - Icing by Shitty-Kitty Gangbang.
14:47 of 2nd period - Auston Matthews wins face-off versus Jack Eichel in Flyers zone.
15:11 of 2nd period - Icing by Mattias Samuelsson.
15:12 of 2nd period - Mathew Barzal wins face-off versus Auston Matthews in Fletushkas zone.
15:25 of 2nd period - Shot by Claude Giroux.
15:25 of 2nd period - Stopped by Sergei Bobrovsky without a rebound.
15:26 of 2nd period - Alex Killorn wins face-off versus Brock Nelson in Fletushkas zone.
16:03 of 2nd period - Icing by Alex Killorn.
16:04 of 2nd period - Auston Matthews wins face-off versus Alex Killorn in Flyers zone.
16:07 of 2nd period - Shot by Valeri Nichushkin.
16:07 of 2nd period - Stopped by Frederik Andersen without a rebound.
16:08 of 2nd period - Claude Giroux wins face-off versus Auston Matthews in Flyers zone.
16:42 of 2nd period - Shot by Valeri Nichushkin.
16:42 of 2nd period - Shot Misses the Net.
17:17 of 2nd period - Zachary Werenski is hit by Andrei Svechnikov.
18:30 of 2nd period - Ryan Pulock is hit by Harry Polsmokr and loses puck.
18:49 of 2nd period - Shot by Alexander Barabanov.
18:49 of 2nd period - Shot Blocked by Harry Polsmokr.
18:57 of 2nd period - Shot by Alexander Kerfoot.
18:57 of 2nd period - Shot Blocked by Brent Burns.
18:59 of 2nd period - Shot by Nic Dowd.
18:59 of 2nd period - Shot Misses the Net.
19:15 of 2nd period - Shot by Mathew Barzal.
19:15 of 2nd period - Stopped by Sergei Bobrovsky with a rebound.
19:19 of 2nd period - Shot by Claude Giroux.
19:19 of 2nd period - Shot Misses the Net.
19:21 of 2nd period - Shot by Mathew Barzal.
19:21 of 2nd period - Shot Misses the Net.
19:27 of 2nd period - Shot by Mathew Barzal.
19:27 of 2nd period - Stopped by Sergei Bobrovsky without a rebound.
19:28 of 2nd period - Jack Eichel wins face-off versus Auston Matthews in Fletushkas zone.
Goals for this period are 0 for Flyers vs 1 for Fletushkas.
Shots for this period are 8 for Flyers vs 10 for Fletushkas.

3rd period


0:01 of 3rd period - Auston Matthews wins face-off versus Joe Pavelski in neutral zone.
0:10 of 3rd period - Mathew Barzal is hit by Adam Pelech and loses puck.
0:27 of 3rd period - Shot by Mathew Barzal.
0:27 of 3rd period - Stopped by Sergei Bobrovsky without a rebound.
0:28 of 3rd period - Noel Acciari wins face-off versus Jack Eichel in Fletushkas zone.
0:35 of 3rd period - Shot by Tyler Bertuzzi.
0:35 of 3rd period - Stopped by Frederik Andersen with a rebound.
0:45 of 3rd period - Shot by Nino Niederreiter.
0:45 of 3rd period - Stopped by Frederik Andersen with a rebound.
0:57 of 3rd period - Shot by Noel Acciari.
0:57 of 3rd period - Shot Misses the Net.
0:59 of 3rd period - Shot by Mattias Samuelsson.
0:59 of 3rd period - Stopped by Frederik Andersen without a rebound.
1:00 of 3rd period - Auston Matthews wins face-off versus Claude Giroux in Flyers zone.
1:29 of 3rd period - Shot by Valeri Nichushkin.
1:29 of 3rd period - Stopped by Frederik Andersen without a rebound.
1:30 of 3rd period - Brock Nelson wins face-off versus Scott Laughton in Flyers zone.
1:31 of 3rd period - Shot by Harry Polsmokr.
1:31 of 3rd period - Stopped by Frederik Andersen without a rebound.
1:32 of 3rd period - Brock Nelson wins face-off versus Alex Killorn in Flyers zone.
1:43 of 3rd period - Shot by Brock Nelson.
1:43 of 3rd period - Stopped by Frederik Andersen without a rebound.
1:44 of 3rd period - Claude Giroux wins face-off versus Auston Matthews in Flyers zone.
1:52 of 3rd period - Off-side.
1:53 of 3rd period - Alex Killorn wins face-off versus Valeri Nichushkin in neutral zone.
2:00 of 3rd period - Shot by Alex Killorn.
2:00 of 3rd period - Shot Misses the Net.
2:02 of 3rd period - Shot by Shitty-Kitty Gangbang.
2:02 of 3rd period - Stopped by Sergei Bobrovsky without a rebound.
2:03 of 3rd period - Noel Acciari wins face-off versus Jack Eichel in Fletushkas zone.
2:03 of 3rd period - Noel Acciari is hit by Ivan Barbashev.
2:15 of 3rd period - Shot by Nino Niederreiter.
2:15 of 3rd period - Shot Misses the Net.
3:17 of 3rd period - Shot by Viktor Arvidsson.
3:17 of 3rd period - Stopped by Sergei Bobrovsky with a rebound.
3:19 of 3rd period - Shot by Alex Killorn.
3:19 of 3rd period - Stopped by Sergei Bobrovsky with a rebound.
3:21 of 3rd period - Shot by Ryan Pulock.
3:21 of 3rd period - Shot Misses the Net.
3:23 of 3rd period - Shot by Scott Laughton.
3:23 of 3rd period - Deflect By Alex Killorn.
3:23 of 3rd period - Shot Misses the Net.
3:40 of 3rd period - Shot by Joe Pavelski.
3:40 of 3rd period - Shot Misses the Net.
3:42 of 3rd period - Shot by Joe Pavelski.
3:42 of 3rd period - Shot Blocked by Adam Pelech.
4:06 of 3rd period - Shot by Joe Pavelski.
4:06 of 3rd period - Stopped by Sergei Bobrovsky without a rebound.
4:07 of 3rd period - Nic Dowd wins face-off versus Auston Matthews in Fletushkas zone.
4:10 of 3rd period - Shot by Alexander Kerfoot.
4:10 of 3rd period - Stopped by Sergei Bobrovsky without a rebound.
4:11 of 3rd period - Jack Eichel wins face-off versus Auston Matthews in Fletushkas zone.
4:11 of 3rd period - Jack Eichel is hit by Mattias Samuelsson.
4:30 of 3rd period - Shot by Andrei Svechnikov.
4:30 of 3rd period - Stopped by Sergei Bobrovsky without a rebound.
4:31 of 3rd period - Brock Nelson wins face-off versus Claude Giroux in Fletushkas zone.
4:58 of 3rd period - Shot by Harry Polsmokr.
4:58 of 3rd period - Shot Misses the Net.
5:00 of 3rd period - Shot by Brock Nelson.
5:00 of 3rd period - Stopped by Frederik Andersen with a rebound.
5:02 of 3rd period - Shot by Brock Nelson.
5:02 of 3rd period - Deflect By Owen Tippett.
5:02 of 3rd period - Stopped by Frederik Andersen without a rebound.
5:03 of 3rd period - Auston Matthews wins face-off versus Alex Killorn in Flyers zone.
5:21 of 3rd period - Viktor Arvidsson is hit by K'Andre Miller and loses puck.
6:02 of 3rd period - Icing by Nikita Zadorov.
6:03 of 3rd period - Jack Eichel wins face-off versus Brock Nelson in Flyers zone.
6:59 of 3rd period - Joel Farabee is hit by Artem Zub and loses puck.
7:05 of 3rd period - Valeri Nichushkin is hit by Artem Zub and loses puck.
7:15 of 3rd period - Joel Farabee is hit by Nikita Zadorov and loses puck.
7:23 of 3rd period - Valeri Nichushkin is hit by Artem Zub and loses puck.
7:33 of 3rd period - Mattias Samuelsson is hit by Nikita Zadorov and loses puck.
7:51 of 3rd period - Tyler Bertuzzi is hit by Artem Zub and loses puck.
7:55 of 3rd period - Tyler Bertuzzi is hit by Nikita Zadorov and loses puck.
8:03 of 3rd period - Nino Niederreiter is hit by Artem Zub and loses puck.
8:16 of 3rd period - Harry Polsmokr is hit by Ivan Barbashev and loses puck.
8:57 of 3rd period - Icing by Justin Faulk.
8:58 of 3rd period - Claude Giroux wins face-off versus Auston Matthews in Flyers zone.
9:18 of 3rd period - Joe Pavelski is hit by Adam Pelech and loses puck.
9:33 of 3rd period - Shot by Auston Matthews.
9:33 of 3rd period - Stopped by Frederik Andersen without a rebound.
9:34 of 3rd period - Noel Acciari wins face-off versus Nic Dowd in Flyers zone.
9:46 of 3rd period - Shot by Tyler Bertuzzi.
9:46 of 3rd period - Deflect By Nino Niederreiter.
9:46 of 3rd period - Shot Blocked by Ryan Pulock.
10:03 of 3rd period - Shot by Nino Niederreiter.
10:03 of 3rd period - Stopped by Frederik Andersen with a rebound.
10:05 of 3rd period - Shot by Nino Niederreiter.
10:05 of 3rd period - Stopped by Frederik Andersen without a rebound.
10:06 of 3rd period - Alex Killorn wins face-off versus Brock Nelson in Flyers zone.
10:19 of 3rd period - Shot by Owen Tippett.
10:19 of 3rd period - Shot Misses the Net.
10:25 of 3rd period - Shot by Harry Polsmokr.
10:25 of 3rd period - Shot Misses the Net.
11:10 of 3rd period - Valeri Nichushkin is hit by Mathew Barzal and loses puck.
11:45 of 3rd period - Shot by Auston Matthews.
11:45 of 3rd period - Stopped by Frederik Andersen without a rebound.
11:46 of 3rd period - Noel Acciari wins face-off versus Nic Dowd in Flyers zone.
11:46 of 3rd period - Brett Pesce is hit by Shitty-Kitty Gangbang.
12:18 of 3rd period - Minor Penalty to Tyler Bertuzzi for Roughing.
12:19 of 3rd period - Claude Giroux wins face-off versus Auston Matthews in Fletushkas zone.
12:22 of 3rd period - Shot by Andrei Svechnikov.
12:22 of 3rd period - Shot Misses the Net.
12:24 of 3rd period - Shot by Dmitry Orlov.
12:24 of 3rd period - Shot Misses the Net.
12:26 of 3rd period - Shot by Ryan Pulock.
12:26 of 3rd period - Shot Misses the Net.
12:28 of 3rd period - Shot by Claude Giroux.
12:28 of 3rd period - Shot Misses the Net.
12:30 of 3rd period - Shot by Ryan Pulock.
12:30 of 3rd period - Stopped by Sergei Bobrovsky without a rebound.
12:31 of 3rd period - Auston Matthews wins face-off versus Jack Eichel in Fletushkas zone.
12:36 of 3rd period - Shot by Ryan Pulock.
12:36 of 3rd period - Stopped by Sergei Bobrovsky without a rebound.
12:37 of 3rd period - Joe Pavelski wins face-off versus Auston Matthews in Fletushkas zone.
12:37 of 3rd period - Joe Pavelski is hit by K'Andre Miller.
12:41 of 3rd period - Shot by Joe Pavelski.
12:41 of 3rd period - Shot Misses the Net.
12:49 of 3rd period - Shot by Jack Eichel.
12:49 of 3rd period - Stopped by Sergei Bobrovsky without a rebound.
12:50 of 3rd period - Auston Matthews wins face-off versus Claude Giroux in Fletushkas zone.
13:25 of 3rd period - Shot by Justin Faulk.
13:25 of 3rd period - Stopped by Sergei Bobrovsky without a rebound.
13:26 of 3rd period - Jack Eichel wins face-off versus Auston Matthews in Fletushkas zone.
13:56 of 3rd period - Shot by Mathew Barzal.
13:56 of 3rd period - Shot Blocked by Mattias Samuelsson.
13:58 of 3rd period - Shot by Ryan Pulock.
13:58 of 3rd period - Stopped by Sergei Bobrovsky without a rebound.
13:59 of 3rd period - Auston Matthews wins face-off versus Claude Giroux in Fletushkas zone.
13:59 of 3rd period - Auston Matthews is hit by Andrei Svechnikov.
14:05 of 3rd period - Shot by Justin Faulk.
14:05 of 3rd period - Shot Misses the Net.
14:07 of 3rd period - Shot by Claude Giroux.
14:07 of 3rd period - Stopped by Sergei Bobrovsky without a rebound.
14:08 of 3rd period - Claude Giroux wins face-off versus Auston Matthews in Fletushkas zone.
14:09 of 3rd period - Shot by Shitty-Kitty Gangbang.
14:09 of 3rd period - Shot Misses the Net.
14:11 of 3rd period - Shot by Shitty-Kitty Gangbang.
14:11 of 3rd period - Stopped by Sergei Bobrovsky with a rebound.
14:13 of 3rd period - Shot by Shitty-Kitty Gangbang.
14:13 of 3rd period - Shot Misses the Net.
14:31 of 3rd period - Shot by Alexander Kerfoot.
14:31 of 3rd period - Stopped by Sergei Bobrovsky with a rebound.
15:46 of 3rd period - Icing by Mathew Barzal.
15:47 of 3rd period - Noel Acciari wins face-off versus Claude Giroux in Flyers zone.
16:21 of 3rd period - Shot by Viktor Arvidsson.
16:21 of 3rd period - Shot Misses the Net.
16:38 of 3rd period - Shot by Scott Laughton.
16:38 of 3rd period - Stopped by Sergei Bobrovsky without a rebound.
16:39 of 3rd period - Jack Eichel wins face-off versus Valeri Nichushkin in Fletushkas zone.
16:42 of 3rd period - Shot by Jack Eichel.
16:42 of 3rd period - Shot Misses the Net.
16:44 of 3rd period - Shot by Andrei Svechnikov.
16:44 of 3rd period - Stopped by Sergei Bobrovsky without a rebound.
16:45 of 3rd period - Auston Matthews wins face-off versus Jack Eichel in Fletushkas zone.
16:52 of 3rd period - Shot by Valeri Nichushkin.
16:52 of 3rd period - Shot Misses the Net.
17:10 of 3rd period - Shot by Andrei Svechnikov.
17:10 of 3rd period - Shot Misses the Net.
17:12 of 3rd period - Shot by Ivan Barbashev.
17:12 of 3rd period - Stopped by Sergei Bobrovsky without a rebound.
17:13 of 3rd period - Brock Nelson wins face-off versus Alex Killorn in Fletushkas zone.
17:32 of 3rd period - Shot by Harry Polsmokr.
17:32 of 3rd period - Deflect By Brock Nelson.
17:32 of 3rd period - Stopped by Frederik Andersen without a rebound.
17:33 of 3rd period - Jordan Staal wins face-off versus Claude Giroux in Flyers zone.
17:33 of 3rd period - Joel Farabee is hit by Ryan Pulock and loses puck.
18:06 of 3rd period - Shot by Claude Giroux.
18:06 of 3rd period - Shot Misses the Net.
18:31 of 3rd period - Justin Faulk is hit by Brent Burns and loses puck.
18:35 of 3rd period - Minor Penalty to Scott Laughton for Hooking.
18:36 of 3rd period - Nic Dowd wins face-off versus Brock Nelson in Flyers zone.
18:45 of 3rd period - Shot by Brent Burns.
18:45 of 3rd period - Stopped by Frederik Andersen with a rebound.
18:49 of 3rd period - Shot by Brent Burns.
18:49 of 3rd period - Shot Misses the Net.
18:51 of 3rd period - Shot by Zachary Werenski.
18:51 of 3rd period - Shot Misses the Net.
19:01 of 3rd period - Shot by Zachary Werenski.
19:01 of 3rd period - Stopped by Frederik Andersen without a rebound.
19:02 of 3rd period - Auston Matthews wins face-off versus Ivan Barbashev in Flyers zone.
19:03 of 3rd period - Shot by Harry Polsmokr.
19:03 of 3rd period - Shot Misses the Net.
19:24 of 3rd period - Icing by K'Andre Miller.
19:25 of 3rd period - Auston Matthews wins face-off versus Ivan Barbashev in Fletushkas zone.
Goals for this period are 0 for Flyers vs 0 for Fletushkas.
Shots for this period are 18 for Flyers vs 15 for Fletushkas.